General information
- name: BNet
- type: Ladder team game (AT/RT)
- host: Battle.net
- saver: WesFSTGDB
map: Battleground
- players: 8
- length: 14:54
- speed: Fast
- version: 1.24 W3XP
- replay type: Public
» download(124 KB)
Players
team 1 (winner)
WesFSTGDB (
yellow | 102 APM | 1528 actions | 14:54)
4 Death Knight
2 Death Coil
2 Unholy Aura
3 Firelord
1 Summon Lava Spawn
2 Incinerate
» actions
| Assign group hotkey | 25 | |
| Basic commands | 374 | |
| Build / train | 43 | |
| ESC pressed | 1 | |
| Enter build submenu | 12 | |
| Enter hero's abilities submenu | 7 | |
| Give item / drop item | 1 | |
| Right click | 490 | |
| Select / deselect | 235 | |
| Select group hotkey | 269 | |
| Use ability | 71 | |
1528 total
» units
| Acolyte | 2 | |
| Ghoul | 3 | |
| Crypt Fiend | 9 | |
| Obsidian Statue | 1 | |
15 total
» upgrades
| Creature Carapace | 2 | |
| Creature Attack | 2 | |
| Web | 1 | |
5 total
» buildings
| Graveyard | 1 | |
| Crypt | 1 | |
| Ziggurat | 4 | |
| Altar of Darkness | 1 | |
| Nerubian Tower | 1 | |
| Tomb of Relics | 1 | |
| Halls of the Dead | 2 | |
| Black Citadel | 1 | |
| Slaughterhouse | 1 | |
| Sacrificial Pit | 1 | |
| Boneyard | 2 | |
16 total
» build order
00:12 Graveyard
00:28 Crypt
00:46 Ziggurat
01:01 Altar of Darkness
01:16 Ziggurat
01:52 Nerubian Tower
02:02 Tomb of Relics
04:58 Halls of the Dead
04:59 Halls of the Dead
05:02 Ziggurat
09:28 Black Citadel
09:30 Slaughterhouse
09:31 Sacrificial Pit
11:37 Ziggurat
12:24 Boneyard
12:26 Boneyard
» items
| Rod of Necromancy | 1 | |
| Dust of Appearance | 1 | |
| Lesser Clarity Potion | 1 | |
| Potion of Healing | 1 | |
| Scroll of Town Portal | 1 | |
| Orb of Corruption | 1 | |
6 total

»
David7067 (
teal | 65 APM | 973 actions | 14:54)
4 Warden
2 Shadow Strike
1 Blink
1 Fan of Knives
3 Keeper of the Grove
2 Entangling Roots
1 Thorns Aura
» actions
| Assign group hotkey | 17 | |
| Basic commands | 38 | |
| Build / train | 49 | |
| ESC pressed | 2 | |
| Enter build submenu | 14 | |
| Enter hero's abilities submenu | 7 | |
| Give item / drop item | 1 | |
| Right click | 492 | |
| Select / deselect | 169 | |
| Select group hotkey | 133 | |
| Use ability | 51 | |
973 total
» units
| Wisp | 12 | |
| Archer | 1 | |
| Huntress | 7 | |
| Dryad | 6 | |
26 total
» upgrades
| Ultravision | 1 | |
| Strength of the Wild | 2 | |
| Sentinel | 1 | |
| Abolish Magic | 1 | |
| Reinforced Hides | 2 | |
7 total
» buildings
| Altar of Elders | 1 | |
| Moon Well | 8 | |
| Ancient of War | 1 | |
| Hunter's Hall | 1 | |
| Ancient of Wonders | 1 | |
| Tree of Ages | 1 | |
| Ancient of Lore | 2 | |
| Ancient Protector | 1 | |
| Tree of Eternity | 1 | |
17 total
» build order
00:09 Altar of Elders
00:14 Moon Well
00:52 Ancient of War
01:27 Moon Well
02:05 Hunter's Hall
02:23 Ancient of Wonders
02:33 Moon Well
03:44 Tree of Ages
05:07 Moon Well
05:26 Moon Well
05:38 Moon Well
06:39 Ancient of Lore
06:59 Ancient of Lore
07:17 Ancient Protector
09:51 Tree of Eternity
11:45 Moon Well
11:46 Moon Well
» items
| Dust of Appearance | 1 | |
| Lesser Clarity Potion | 2 | |
| Scroll of Town Portal | 1 | |
| Potion of Healing | 1 | |
5 total
SocratesP (
orange | 79 APM | 1181 actions | 14:54)
4 Archmage
2 Blizzard
2 Brilliance Aura
1 Blood Mage
1 Banish
» actions
| Assign group hotkey | 14 | |
| Basic commands | 6 | |
| Build / train | 52 | |
| Enter build submenu | 23 | |
| Enter hero's abilities submenu | 5 | |
| Give item / drop item | 1 | |
| Remove unit from queue | 1 | |
| Right click | 703 | |
| Select / deselect | 192 | |
| Select group hotkey | 118 | |
| Use ability | 66 | |
1181 total
» units
| Peasant | 8 | |
| Footman | 12 | |
| Sorceress | 2 | |
| Priest | 1 | |
23 total
» upgrades
| Defend | 1 | |
| Masonry | 1 | |
| Sorceress Training | 1 | |
| Magic Sentry | 1 | |
4 total
» buildings
| Altar of Kings | 1 | |
| Barracks | 1 | |
| Farm | 7 | |
| Arcane Vault | 1 | |
| Scout Tower | 9 | |
| Arcane Tower | 3 | |
| Lumber Mill | 1 | |
| Guard Tower | 2 | |
| Keep | 1 | |
| Arcane Sanctum | 2 | |
| Castle | 1 | |
29 total
» build order
00:35 Altar of Kings
00:38 Barracks
00:43 Farm
00:46 Farm
01:23 Farm
02:01 Arcane Vault
02:08 Scout Tower
02:57 Arcane Tower
03:23 Scout Tower
03:44 Scout Tower
05:02 Arcane Tower
05:02 Arcane Tower
05:08 Lumber Mill
06:30 Scout Tower
06:31 Scout Tower
06:34 Scout Tower
06:36 Scout Tower
07:15 Guard Tower
09:34 Keep
11:27 Scout Tower
11:29 Scout Tower
12:27 Guard Tower
12:29 Arcane Sanctum
12:35 Arcane Sanctum
12:51 Farm
12:52 Farm
13:33 Farm
13:40 Farm
14:48 Castle
» items
| Scroll of Regeneration | 3 | |
| Lesser Clarity Potion | 1 | |
| Potion of Healing | 2 | |
| Scroll of Town Portal | 1 | |
7 total
Rampager (
red | 77 APM | 1147 actions | 14:54)
4 Priestess of the Moon
2 Searing Arrows
2 Trueshot Aura
» actions
| Assign group hotkey | 21 | |
| Build / train | 62 | |
| Enter build submenu | 11 | |
| Enter hero's abilities submenu | 4 | |
| Give item / drop item | 1 | |
| Right click | 605 | |
| Select / deselect | 141 | |
| Select group hotkey | 271 | |
| Use ability | 31 | |
1147 total
» units
| Wisp | 16 | |
| Archer | 20 | |
| Hippogryph | 5 | |
41 total
» upgrades
| Strength of the Moon | 3 | |
| Moon Armor | 2 | |
| Ultravision | 1 | |
| Improved Bows | 1 | |
| Hippogryph Taming | 1 | |
| Marksmanship | 1 | |
9 total
» buildings
| Altar of Elders | 1 | |
| Moon Well | 5 | |
| Ancient of War | 1 | |
| Hunter's Hall | 1 | |
| Ancient Protector | 2 | |
| Tree of Ages | 1 | |
| Ancient of Wind | 1 | |
| Tree of Eternity | 1 | |
13 total
» build order
00:14 Altar of Elders
00:21 Moon Well
00:35 Ancient of War
01:36 Hunter's Hall
02:01 Moon Well
02:44 Ancient Protector
03:23 Ancient Protector
03:56 Moon Well
06:15 Moon Well
06:29 Tree of Ages
10:00 Ancient of Wind
10:44 Tree of Eternity
14:52 Moon Well
» items
| Dust of Appearance | 1 | |
| Potion of Lesser Invulnerability | 1 | |
| Scroll of Town Portal | 1 | |
| Scroll of Healing | 1 | |
4 total
team 2 (loser)

»
BLACK.PHOENIX (
pink | 54 APM | 805 actions | 14:53)
2 Blademaster
1 Wind Walk
1 Critical Strike
» actions
| Assign group hotkey | 16 | |
| Basic commands | 8 | |
| Build / train | 47 | |
| Enter build submenu | 10 | |
| Enter hero's abilities submenu | 2 | |
| Give item / drop item | 1 | |
| Remove unit from queue | 1 | |
| Right click | 429 | |
| Select / deselect | 146 | |
| Select group hotkey | 92 | |
| Use ability | 53 | |
805 total
» units
» upgrades
| Ranged Weapons | 1 | |
| Armor | 2 | |
| Melee Weapons | 1 | |
| Ensnare | 1 | |
| Pillage | 1 | |
6 total
» buildings
| Altar of Storms | 1 | |
| Orc Burrow | 5 | |
| Voodoo Lounge | 1 | |
| War Mill | 1 | |
| Stronghold | 1 | |
| Fortress | 1 | |
| Beastiary | 2 | |
12 total
» build order
00:21 Altar of Storms
00:28 Orc Burrow
00:43 Voodoo Lounge
02:13 War Mill
04:39 Stronghold
05:45 Orc Burrow
05:49 Orc Burrow
06:57 Orc Burrow
07:02 Fortress
07:06 Beastiary
07:09 Beastiary
11:50 Orc Burrow
» items
| Healing Salve | 2 | |
| Lesser Clarity Potion | 3 | |
| Scroll of Speed | 1 | |
| Scroll of Town Portal | 1 | |
| Boots of Speed | 1 | |
| Orb of Lightning | 1 | |
| Potion of Healing | 3 | |
| Potion of Mana | 1 | |
13 total

»
lion892 (
green | 89 APM | 1310 actions | 14:43)
2 Blademaster
1 Wind Walk
1 Critical Strike
1 Far Seer
1 Chain Lighting
» actions
| Assign group hotkey | 48 | |
| Basic commands | 145 | |
| Build / train | 35 | |
| Enter build submenu | 23 | |
| Enter hero's abilities submenu | 3 | |
| Right click | 468 | |
| Select / deselect | 222 | |
| Select group hotkey | 300 | |
| Use ability | 66 | |
1310 total
» units
» upgrades
» buildings
| Altar of Storms | 1 | |
| Orc Burrow | 8 | |
| Barracks | 1 | |
| Voodoo Lounge | 1 | |
| Stronghold | 2 | |
| War Mill | 1 | |
| Beastiary | 2 | |
| Spirit Lodge | 2 | |
| Fortress | 1 | |
| Watch Tower | 4 | |
23 total
» build order
00:10 Altar of Storms
00:14 Orc Burrow
00:24 Barracks
01:33 Orc Burrow
02:06 Voodoo Lounge
04:33 Stronghold
04:33 Stronghold
04:39 Orc Burrow
05:17 War Mill
05:31 Orc Burrow
07:32 Beastiary
07:34 Beastiary
09:36 Spirit Lodge
09:41 Spirit Lodge
09:46 Fortress
11:59 Orc Burrow
12:01 Orc Burrow
12:03 Orc Burrow
12:05 Orc Burrow
12:08 Watch Tower
12:56 Watch Tower
13:00 Watch Tower
13:03 Watch Tower
» items
| Scroll of Speed | 1 | |
| Lesser Clarity Potion | 1 | |
| Healing Salve | 3 | |
5 total
orc_douchebag (
blue | 49 APM | 717 actions | 14:34)
3 Blademaster
1 Wind Walk
2 Critical Strike
1 Shadow Hunter
1 Healing Wave
» actions
| Build / train | 45 | |
| Enter build submenu | 12 | |
| Enter hero's abilities submenu | 4 | |
| Give item / drop item | 1 | |
| Remove unit from queue | 1 | |
| Right click | 321 | |
| Select / deselect | 293 | |
| Use ability | 40 | |
717 total
» units
| Peon | 8 | |
| Grunt | 2 | |
| Wind Rider | 4 | |
| Shaman | 5 | |
19 total
» upgrades
| Armor | 2 | |
| Ranged Weapons | 3 | |
| Shaman Training | 2 | |
| Reinforced Defenses | 1 | |
| Envenomed Spears | 1 | |
9 total
» buildings
| Altar of Storms | 1 | |
| Orc Burrow | 5 | |
| Voodoo Lounge | 1 | |
| Barracks | 1 | |
| War Mill | 1 | |
| Stronghold | 1 | |
| Beastiary | 1 | |
| Spirit Lodge | 1 | |
| Watch Tower | 1 | |
| Fortress | 1 | |
14 total
» build order
00:05 Altar of Storms
00:08 Orc Burrow
00:56 Voodoo Lounge
01:32 Barracks
02:16 Orc Burrow
03:18 War Mill
03:36 Stronghold
04:31 Orc Burrow
05:10 Orc Burrow
06:04 Beastiary
06:07 Spirit Lodge
06:16 Watch Tower
06:17 Fortress
13:16 Orc Burrow
» items
| Healing Salve | 3 | |
| Lesser Clarity Potion | 1 | |
| Circlet of Nobility | 2 | |
| Scroll of Town Portal | 2 | |
8 total
big-stone (
purple | 40 APM | 581 actions | 14:39)
4 Keeper of the Grove
1 Entangling Roots
2 Force of Nature
1 Thorns Aura
» actions
| Build / train | 39 | |
| Enter build submenu | 12 | |
| Enter hero's abilities submenu | 4 | |
| Give item / drop item | 2 | |
| Right click | 303 | |
| Select / deselect | 178 | |
| Use ability | 43 | |
581 total
» units
| Wisp | 14 | |
| Archer | 8 | |
| Mountain Giant | 4 | |
| Dryad | 1 | |
27 total
» upgrades
| Improved Bows | 1 | |
| Reinforced Hides | 1 | |
| Moon Armor | 1 | |
| Strength of the Wild | 1 | |
4 total
» buildings
| Altar of Elders | 1 | |
| Moon Well | 5 | |
| Ancient of War | 1 | |
| Tree of Ages | 1 | |
| Hunter's Hall | 2 | |
| Ancient of Wonders | 1 | |
| Ancient of Lore | 2 | |
13 total
» build order
00:13 Altar of Elders
00:23 Moon Well
00:37 Ancient of War
01:39 Moon Well
02:13 Moon Well
03:31 Tree of Ages
04:31 Hunter's Hall
04:39 Hunter's Hall
04:53 Ancient of Wonders
04:59 Moon Well
06:18 Ancient of Lore
06:25 Ancient of Lore
06:52 Moon Well
» items
| Scroll of Healing | 1 | |
| Scroll of Town Portal | 1 | |
2 total
Chat log
(00:28 / Allies) Rampager: potm asrch hypps
(00:39 / Allies) WesFSTGDB: dk fiend frost stats
(00:51 / Allies) SocratesP: foots breakers tanks
(00:52 / Allies) Rampager: rush or cc?
(00:57 / Allies) WesFSTGDB: cc level 2 then go
(01:14 / All) BLACK.PHOENIX: wished it was hurricane lol
(01:21 / All) WesFSTGDB: blah
(01:23 / All) WesFSTGDB: lol
(03:25 / Allies) WesFSTGDB: coming
(03:30 / Allies) WesFSTGDB: gj btw
(04:33 / All) WesFSTGDB: fucking game is in like slow mo
(04:36 / All) WesFSTGDB: bull shit
(04:54 / All) BLACK.PHOENIX: lol
(06:18 / All) WesFSTGDB: ?
(06:19 / All) BLACK.PHOENIX: :/
(06:24 / All) WesFSTGDB: why would you tp?
(06:33 / Allies) Rampager: meet?
(06:37 / Allies) WesFSTGDB: meet here
(06:39 / Allies) WesFSTGDB: we rape green
(06:40 / All) BLACK.PHOENIX: dont feel like bringing him from altar again
(07:28 / Allies) WesFSTGDB: MEET
(07:29 / Allies) WesFSTGDB: LETS FUCKING GO
(07:59 / Allies) WesFSTGDB: wtf red
(08:06 / Allies) WesFSTGDB: fuck it lets go
(08:07 / Allies) Rampager: k
(10:54 / Allies) WesFSTGDB: go
(11:13 / Allies) David7067: b
(11:54 / Allies) Rampager: get tp
(12:21 / All) SocratesP: hey im a blademaster i get a boner when i attack an AM
(12:46 / All) WesFSTGDB: lol
(13:00 / Allies) WesFSTGDB: root
(13:12 / All) WesFSTGDB: those are big stones
(13:17 / All) WesFSTGDB: get it?
(13:18 / Allies) David7067: greens not important
(13:19 / Allies) David7067: go next
(14:18 / All) WesFSTGDB: BOOM
(14:44 / All) BLACK.PHOENIX: I just went to get my ramen i made
(14:46 / All) BLACK.PHOENIX: wtf
(14:47 / All) WesFSTGDB: lol